 Dungeon Crawl Stone Soup version 0.27-a0-1597-ge58577e147 (webtiles) character file.

Game seed: 2379929536338511268

560 DocSulfur the Changer (level 7, -2/52 HPs)
             Began as a Purple Draconian Transmuter on July 21, 2021.
             Slain by an orc priest (4 damage)
             ... on level 4 of the Dungeon.
             The game lasted 00:15:50 (4395 turns).

DocSulfur the Changer (Purple Draconian Transmuter) Turns: 4395, Time: 00:15:50

Health: -2/52      AC:  2    Str: 12    XL:     7   Next: 9%
Magic:  6/13       EV: 19    Int: 14    God:
Gold:   150        SH:  0    Dex: 24    Spells: 10/14 levels left

rFire    + . .     SeeInvis .     - Unarmed
rCold    . . .     Faith    .   (shield currently unavailable)
rNeg     . . .     Spirit   .   (armour unavailable)
rPois    x         Reflect  .   (helmet currently unavailable)
rElec    .         Harm     .   (cloak currently unavailable)
rCorr    .         Rampage  .   (gloves currently unavailable)
Will     +....                  (boots currently unavailable)
Stlth    ++........             (no amulet)
HPRegen  0.17/turn              e - ring of protection from fire
MPRegen  0.13/turn              n - +6 ring of dexterity

@: spider-form, very slightly contaminated
A: venomous fangs, (breathe power), AC +6, tiny, unfitting armour,
(cold-blooded)
a: End Transformation


You were on level 4 of the Dungeon.
You were a venomous arachnid creature.
You visited 1 branch of the dungeon, and saw 6 of its levels.

You collected 150 gold pieces.

Inventory:

Missiles
 i - 3 silver boomerangs
Armour
 d - a +0 pair of gloves (melded)
 h - a +2 pair of boots (melded)
Jewellery
 e - a ring of protection from fire (left front leg)
 j - a +6 ring of intelligence
 n - a +6 ring of dexterity (right front leg)
Wands
 f - a wand of acid (9)
Scrolls
 a - a scroll of immolation
 g - a scroll of identify
Potions
 b - 5 potions of curing
 c - a potion of haste
 k - a potion of might {unknown}
 m - a potion of magic {unknown}


   Skills:
 - Level 1.1 Fighting
 - Level 1.7 Dodging
 + Level 3.8 Unarmed Combat
 - Level 4.3 Spellcasting
 - Level 5.0 Transmutations
 - Level 0.2 Ice Magic
 - Level 4.0 Poison Magic


You had 10 spell levels left.
You knew the following spells:

 Your Spells              Type           Power      Damage    Failure   Level
a - Beastly Appendage     Tmut           34%        N/A       9%          1
b - Spider Form           Tmut/Pois      7%         N/A       22%         3

Your spell library contained the following spells:

 Spells                   Type           Power      Damage    Failure   Level
 Wereblood                Tmut           17%        N/A       12%         2
 Freeze                   Ice            12%        1d4       36%         1
 Frozen Ramparts          Ice            6%         1d2       67%         3
 Gell's Gravitas          Tloc           1%         N/A       71%         3
 Lesser Beckoning         Tloc           1%         N/A       71%         3
 Teleport Other           Tloc           3%         N/A       71%         3
 Ice Form                 Ice/Tmut       10%        N/A       75%         4
 Hailstorm                Conj/Ice       3%         3d3       96%         4


Dungeon Overview and Level Annotations

Branches:
Dungeon (6/15)
 Temple: D:4-7

Altars:
Ashenzari
Fedhas
Gozag
Kikubaaqudgha
Qazlal
Sif Muna
Trog
The Shining One

Shops:
D:5 *

Annotations:
D:4 Eustachio
D:5 3 runed translucent doors, schwarznadel's ghost, novice FoFi


Innate Abilities, Weirdness & Mutations

You are a venomous arachnid creature.
You have poisonous fangs.
You are tiny and dextrous.
Your spellcasting is less reliable in this form.
Your armour is entirely melded.
You are incapable of wielding weapons or throwing items.
((You can breathe bolts of dispelling energy.))
((Your rich purple scales are hard. (AC +6)))
You cannot fit into any form of body armour.
((You are cold-blooded and may be slowed by cold attacks.))


Message History

Your surroundings seem slightly different.
Are you sure you want to abandon this character and quit the game? (Confirm with "yes".)
Okay, then.
Casting: Beastly Appendage (safe; 2% risk of failure)
Confirm with . or Enter, or press ? or * to list all spells.
You grow a pair of large bovine horns.
Your feet morph into talons.
Your +2 pair of boots melds into your body.
The orc priest calls down the wrath of Beogh upon you.
You resist with significant effort.
A magic dart appears from out of thin air!
The magic dart hits you.
Casting: Beastly Appendage (safe; 2% risk of failure)
Confirm with . or Enter, or press ? or * to list all spells.
You miscast Spider Form.
You are very lightly contaminated with residual magic.
Nothing appears to happen.
The orc priest invokes the aid of Beogh against you.
Pain shoots through your body! The orc wizard casts a spell at you.
The magic dart hits something.
Something barely misses you.
Casting: Spider Form (dangerous; 9% risk of failure)
Confirm with . or Enter, or press ? or * to list all spells.
Your horns disappear.
Your talons disappear.
Your +2 pair of boots unmelds from your body.
You turn into a venomous arachnid creature.
Your +0 pair of gloves melds into your body.
Your +2 pair of boots melds into your body.
Something hits you.
You hit the orc priest.
The orc priest is poisoned.
The orc priest is moderately wounded.
The orc priest hits you with a +0 hand axe.
The orc wizard points at you and mumbles some strange words.
The magic dart hits you!
* * * LOW HITPOINT WARNING * * *
Something hits you.
* * * LOW HITPOINT WARNING * * *
You hit the orc priest.
You kill the orc priest!
Something closely misses you. The orc priest hits you with a +0 club.
You die...

≈≈≈≈#'#≈≈≈≈###.....#......##...##
≈≈.##.##.≈≈##......#......#...o..
≈≈.#)..#.≈≈≈#......#......#......
≈≈.#...#.≈≈##......#......#......
≈≈.##_##.≈≈####....####...##'##..
#≈≈.###.≈≈#####....####...##o##..
##≈≈≈≈≈≈≈##......o..........o'...
.###≈≈≈###.......o{..........#...
...#####........s)o..........#...
..............)..............#...
#################################


You could see an orc priest, an orc wizard and an orc.

Vanquished Creatures
  Sigmund (D:4)
  A phantom (D:3)
  A hound (D:4)
  An orc priest (D:4)
  A bullfrog skeleton (D:5)
  3 iguanas
  2 orc wizards (D:4)
  A hound skeleton (D:5)
  Robin (D:4)
  2 adders
  A shadow imp (D:6)
  2 worms
  3 dart slugs
  8 orcs
  3 endoplasms
  2 giant cockroaches (D:1)
  12 goblins
  15 hobgoblins
  3 jackals (D:2)
  3 quokkas (D:3)
  3 ball pythons
  4 bats
  2 frilled lizards
  3 kobolds
  3 rats
81 creatures vanquished.

Notes
Turn   | Place    | Note
-------+----------+-------------------------------------------
     0 | D:1      | DocSulfur the Draconian Transmuter began the quest for the
                  | Orb.
     0 | D:1      | Reached XP level 1. HP: 16/16 MP: 3/3
   176 | D:1      | Reached skill level 1 in Poison Magic
   176 | D:1      | Reached XP level 2. HP: 23/23 MP: 3/5
  1142 | D:3      | Noticed a phantom
  1197 | D:2      | Found a faded altar of an unknown god.
  1329 | D:2      | Reached XP level 3. HP: 25/28 MP: 4/6
  1461 | D:3      | Reached skill level 3 in Transmutations
  1613 | D:3      | Found a glowing golden altar of the Shining One.
  1701 | D:3      | Found an ancient bone altar of Kikubaaqudgha.
  1721 | D:3      | Found a bloodstained altar of Trog.
  1828 | D:3      | Killed a phantom
  1829 | D:3      | Reached XP level 4. HP: 17/35 MP: 5/7
  1850 | D:4      | Noticed an ogre
  1989 | D:4      | Reached skill level 4 in Transmutations
  1989 | D:4      | Reached XP level 5. HP: 27/40 MP: 6/8
  1998 | D:4      | Learned a level 3 spell: Spider Form
  2007 | D:4      | Noticed Eustachio
  2153 | D:4      | Noticed Robin
  2216 | D:5      | Entered Level 5 of the Dungeon
  2222 | D:5      | Noticed an ice beast
  2320 | D:5      | Found Tunkiewk's CLEARANCE SALE! EVERYTHING MUST GO!.
  2625 | D:4      | Noticed Sigmund
  2658 | D:5      | Noticed schwarznadel's ghost (novice FoFi)
  2686 | D:5      | Found a runed translucent gate.
  2686 | D:5      | Found a runed translucent gate.
  2686 | D:5      | Found a runed translucent gate.
  2710 | D:5      | Reached XP level 6. HP: 30/47 MP: 7/9
  3312 | D:4      | HP: 2/47 [iguana (3)]
  3317 | D:4      | Reached skill level 5 in Transmutations
  3806 | D:4      | Killed Robin
  4102 | D:4      | Found a shimmering blue altar of Sif Muna.
  4212 | D:4      | Killed Sigmund
  4213 | D:4      | Your scales start taking on a rich purple colour.
  4213 | D:4      | Reached XP level 7. HP: 46/52 MP: 8/13
  4220 | D:4      | Found an opulent altar of Gozag.
  4220 | D:4      | Found a blossoming altar of Fedhas.
  4228 | D:4      | Found a broken altar of Ashenzari.
  4231 | D:4      | Found a stormy altar of Qazlal.
  4233 | D:4      | Found a faded altar of an unknown god.
  4394 | D:4      | HP: 2/52 [something (6)]
  4395 | D:4      | Slain by an orc priest

Illustrated notes

Levels and vault maps discovered:
D:1:      giann_bridges, layout_basic, serial_forest,
          infiniplex_forest_zigzag_1, infiniplex_forest_lined_3,
          infiniplex_forest_straight_4, infiniplex_forest_lined_2,
          infiniplex_forest_clump_medium, infiniplex_forest_corner_1,
          infiniplex_forest_clump_small
D:2:      minmay_roachtagon, layout_loops_ring, ebering_ecumenical_altar_mist,
          grunt_ministairs_12
D:3:      layout_basic, amcnicky_altar_gilded, mainiacjoe_overflow_alcove_2,
          nicolae_overflow_hidden_temple
D:4:      layout_gridville, chequers_temple_overflow_minitemple,
          kennysheep_orc_sif_temple, cheibrodos_sewer_entry_bend,
          uniq_eustachio, uniq_robin, uniq_sigmund
D:5:      layout_loops_ring, gammafunk_ghost_icy, serial_bayou_pond_d,
          minmay_misc_feat_diagonals, nicolae_shop_clearance
D:6:      layout_rooms, okawaru_ov_weapons_minmay, serial_shops,
          nicolae_diamond_shop, minmay_misc_feat_columns, uniq_grinder

Skill      XL: |  1  2  3  4  5  6 |
---------------+-------------------+-----
Poison Magic   | 1 3 4 |  4.0
Transmutations | 3 4 5 |  5.0
Spellcasting   | 4 |  4.3
Fighting       | |  1.1
Dodging        | |  1.7
Unarmed Combat | |  3.8
Ice Magic      | |  0.2

Action                   |  1- 3 |  4- 6 |  7- 9 || total
-------------------------+-------+-------+-------++-------
Melee: Unarmed           |   123 |   135 |     3 ||   261
       Kick              |    17 |    21 |       ||    38
       Headbutt          |     8 |    15 |       ||    23
       Tailslap          |    11 |    10 |       ||    21
 Cast: Beastly Appendage |    31 |    19 |     3 ||    53
       Spider Form       |       |     8 |     1 ||     9
  Use: Scroll            |       |     4 |     1 ||     5
Armor: Skin              |    43 |    48 |       ||    91
Dodge: Dodged            |    79 |   134 |     6 ||   219

Table legend: (Time is in decaauts)
 A = Elapsed time spent in this place.
 B = Non-inter-level travel time spent in this place.
 C = Inter-level travel time spent in this place.
 D = Time resting spent in this place.
 E = Time spent auto-exploring this place.
 F = Levels seen in this place.
 G = Mean time per level.
                   A        B        C        D        E       F      G
               +--------+--------+--------+--------+--------+-----+--------+
         Total |   4402 |   4073 |    329 |    145 |   1682 |   6 |  733.7 |
       Dungeon |   4402 |   4073 |    329 |    145 |   1682 |   6 |  733.7 |
               +--------+--------+--------+--------+--------+-----+--------+

Top non-repeatable levels by time:
     D:5: 1246 daAuts
     D:4: 1200 daAuts
     D:1: 1085 daAuts
     D:3: 528 daAuts
     D:2: 301 daAuts
     D:6: 39 daAuts
